Map: 16-Bit LE

Players

Zest

  • Race: Protoss Protoss
  • League: Master
  • Spawn Location: 7:00

PartinG - Winner!

  • Race: Protoss Protoss
  • Spawn Location: 1:00

Event: HomeStory Cup XVII

VOD

Have the link to the VOD?

Description

Time

  • Played on: July 1, 2018, 7:31 a.m.
  • Length: 12:33

All games in this series

Show
View Real Time Build Order
Export as new Build Order

Zest Protoss 

Build Orders:  

Get SALT Encoding   

  12  0:00  Probe  
  13  0:12  Probe  
  14  0:17  Pylon  
  14  0:24  Probe  
  15  0:37  Probe  
  15  0:38  Gateway  
  16  0:48  Probe  
  17  0:50  Pylon  
  17  0:56  Assimilator, Probe  
  18  1:04  Probe  
  19  1:11  Gateway  
  19  1:15  Probe  
  20  1:26  Cybernetics Core  
  20  1:31  Zealot  
  21  1:38  Pylon  
  22  1:53  Pylon  
  21  1:54  Adept x2  
  21  2:04  Warp Gate  
  25  2:12  Shield Battery  
  25  2:20  Adept  
  27  2:24  Adept  
  29  2:34  Assimilator  
  29  2:48  Stalker  
  29  2:50  Probe  
  34  3:02  Probe  
  33  3:10  Robotics Facility  
  31  3:14  Probe  
  32  3:37  Stalker x2  
  34  3:49  Pylon  
  34  3:52  Shield Battery  
  34  3:58  Immortal  
  34  4:00  Pylon  
  38  4:11  Pylon  
  38  4:24  Pylon  
  38  4:26  Warp Prism  
  38  4:38  Sentry x2  
  44  4:48  Pylon  
  44  5:02  Observer  
  45  5:11  Probe  
  46  5:29  Stalker x2  
  46  5:32  Nexus  
  50  5:37  Probe  
  51  5:52  Probe  
  51  5:55  Pylon  
  52  6:04  Probe  
  53  6:05  Twilight Council  
  53  6:22  Probe  
  48  6:31  Stalker x2  
  48  6:32  Blink  
  48  6:34  Probe  
  49  6:46  Probe  
  50  6:48  Probe  
  51  6:56  Stalker x2  
  51  6:58  Probe  
  51  7:00  Probe  
  57  7:10  Probe  
  57  7:13  Probe  
  59  7:22  Stalker x2  
  63  7:23  Probe  
  63  7:25  Probe  
  65  7:35  Probe  
  59  7:37  Probe  
  58  7:44  Probe  
  58  7:45  Probe, Warp Prism  
  62  7:52  Probe  
  62  7:54  Probe  
  62  7:56  Pylon  
  64  8:01  Probe  
  64  8:03  Probe  
  64  8:04  Sentry  
  64  8:05  Sentry  
  69  8:09  Assimilator  
  70  8:13  Probe  
  70  8:14  Assimilator  
  70  8:15  Probe  
  72  8:26  Probe  
  73  8:27  Probe  
  73  8:33  Charge  
  74  8:36  Dark Shrine  
  74  8:39  Gateway x2  
  74  8:41  Gateway  
  74  8:48  Stalker x2  
  78  8:57  Pylon  
  78  9:01  Warp Prism  
  78  9:27  Nexus  
  78  9:28  Pylon  
  78  9:35  Gateway  
  78  9:36  Gateway  
  78  9:51  Observer  
  78  9:54  Gateway x2  
  78  10:00  Probe x2  
  78  10:05  Pylon  
  80  10:15  Shield Battery x2  
  80  10:16  Shield Battery  
  80  10:17  Shield Battery  
  80  10:20  Dark Templar  
  80  10:21  Dark Templar x3  
  88  10:35  Immortal  
  90  11:05  Immortal  
  90  11:07  Probe x2  
  90  11:10  Dark Templar  
  92  11:14  Probe  
  97  11:19  Probe  
  97  11:25  Probe  
  97  11:26  Probe  
  97  11:29  Assimilator  
  97  11:32  Assimilator, Probe  
  97  11:34  Forge  
  97  11:35  Forge  
  97  11:37  Probe  
  97  11:38  Archon  
  97  11:39  Probe  
  99  11:41  Dark Templar x2  
  99  11:42  Dark Templar x3  
  99  11:44  Probe  
  99  11:46  Archon x2, Dark Templar  
  112  11:51  Archon  
  112  11:52  Dark Templar  
  112  11:53  Dark Templar  
  114  12:02  Dark Templar, Archon  
  91  12:15  Dark Templar x2  
  91  12:16  Dark Templar x2, Zealot  
  77  12:23  Zealot  
  77  12:25  Archon  
Show
View Real Time Build Order
Export as new Build Order

PartinG Protoss - Winner!

Build Orders:  

Get SALT Encoding   

  12  0:00  Probe  
  13  0:13  Probe  
  14  0:23  Pylon  
  14  0:25  Probe  
  15  0:38  Pylon  
  15  0:42  Probe  
  16  0:56  Gateway  
  16  0:59  Gateway  
  16  1:10  Gateway  
  16  1:14  Probe  
  17  1:34  Zealot  
  17  1:35  Probe  
  17  1:37  Zealot  
  22  1:49  Assimilator  
  22  1:58  Zealot  
  22  2:00  Zealot  
  24  2:03  Zealot  
  28  2:12  Cybernetics Core  
  28  2:23  Pylon  
  28  2:27  Probe  
  29  2:39  Probe  
  29  2:41  Assimilator  
  30  2:49  Stalker  
  32  2:53  Stalker  
  32  2:56  Probe  
  34  3:08  Probe  
  35  3:20  Probe  
  35  3:22  Pylon  
  36  3:33  Probe  
  37  3:34  Shield Battery  
  37  3:39  Stargate  
  37  3:48  Probe  
  37  3:52  Stalker x2  
  42  4:01  Stalker  
  44  4:06  Pylon  
  44  4:14  Probe  
  45  4:19  Warp Gate  
  45  4:20  Phoenix  
  45  4:31  Probe  
  48  4:36  Pylon  
  48  4:40  Phoenix  
  48  4:47  Probe  
  51  5:10  Phoenix  
  53  5:26  Nexus  
  53  5:28  Phoenix  
  55  5:40  Probe  
  56  5:52  Probe  
  56  5:54  Phoenix  
  59  6:02  Pylon  
  59  6:10  Probe  
  60  6:14  Pylon  
  60  6:18  Phoenix  
  60  6:29  Probe  
  63  6:32  Forge  
  63  6:33  Robotics Facility  
  63  6:35  Probe  
  63  6:37  Assimilator  
  64  6:41  Assimilator  
  64  6:42  Probe  
  64  6:44  Probe  
  65  6:54  Probe x2  
  66  6:57  Sentry x2, Zealot  
  66  7:01  Protoss Ground Weapons Level 1  
  74  7:06  Probe x2  
  76  7:18  Probe x2  
  76  7:19  Pylon  
  78  7:30  Probe x2  
  78  7:33  Immortal  
  78  7:42  Probe x2  
  82  7:44  Twilight Council  
  82  7:51  Zealot x3  
  82  7:54  Probe x2  
  90  8:06  Probe  
  90  8:07  Probe  
  90  8:08  Gateway  
  90  8:09  Gateway  
  92  8:12  Gateway  
  92  8:14  Observer  
  92  8:16  Pylon  
  93  8:21  Charge  
  93  8:34  Templar Archives  
  93  8:37  Pylon  
  93  8:42  Immortal  
  97  8:53  Protoss Ground Weapons Level 2  
  97  8:57  Nexus  
  97  9:01  Zealot x2  
  101  9:09  Zealot  
  99  9:21  Gateway  
  99  9:22  Gateway  
  98  9:28  Gateway  
  98  9:33  High Templar x2  
  98  9:37  Archon  
  102  9:41  Pylon x2  
  102  9:44  Warp Prism  
  102  9:52  Gateway  
  102  9:59  Gateway  
  102  10:06  High Templar x2  
  106  10:07  Zealot  
  106  10:11  Probe x3  
  106  10:12  Archon  
  111  10:22  High Templar x2  
  111  10:25  Observer  
  111  10:27  Archon  
  116  10:29  Zealot  
  116  10:32  Probe x2  
  116  10:33  Probe, Pylon  
  116  10:34  Assimilator  
  121  10:38  Assimilator  
  121  10:40  High Templar x2  
  122  10:47  Archon  
  114  11:01  Observer  
  112  11:21  Probe, Zealot x2  
  112  11:22  Zealot  
  117  11:28  Pylon  
  117  11:31  Pylon  
  117  11:32  Pylon  
  117  11:47  Pylon  
  117  11:48  Pylon  
  117  11:50  Zealot x6, Pylon  
  117  11:52  Zealot  
  131  12:00  Observer  
  129  12:09  Zealot  
  129  12:12  Zealot x4  
  129  12:13  Zealot  
Tags
 
Add a new tag
Caveats
  • Supply blocks, unpowered buildings, or Contaminate may cause inaccurate times.
  • Supply counts are checked every 10 seconds.